 Dungeon Crawl Stone Soup version 0.21-a0-450-gd87a9b2 (webtiles) character file.

6341 slep the Basher (level 10, 0/55 HPs)
             Began as a Vine Stalker Monk on Nov 20, 2017.
             Was a High Priest of Okawaru.
             Slain by a troll (1 damage)
             ... on level 1 of the Orcish Mines.
             The game lasted 00:48:44 (7107 turns).

slep the Basher (Vine Stalker Monk)                 Turns: 7107, Time: 00:48:45

Health: 0/55       AC: 18    Str: 15    XL:     10   Next: 96%
Magic:  0/11       EV: 15    Int: 15    God:    Okawaru [*****.]
Gold:   319        SH:  0    Dex: 19    Spells: 9/9 levels left

rFire    x . .     SeeInvis .   l - +2 dire flail (protect)
rCold    + . .     Gourm    .   (shield currently unavailable)
rNeg     . . .     Faith    .   F - +3 leather armour
rPois    +         Spirit   +   (no helmet)
rElec    .         Reflect  .   m - +2 cloak
rCorr    .         Harm     .   L - +0 pair of gloves "Uhoedgh" {rPois MR+}
MR       ++...                  (no boots)
Stlth    ++........             K - amulet of rage
HPRegen  0.58/turn              u - +5 ring of intelligence
MPRegen  0.12/turn              D - ring of ice

@: protection aura
A: fangs 3, sense surroundings 1, regeneration 1, wild magic 1, magic shield,
antimagic bite, no potion heal 3, rot immunity
a: Heroism, Finesse, Renounce Religion, Evoke Berserk Rage


You were on level 1 of the Orcish Mines.
You worshipped Okawaru.
Okawaru was extremely pleased with you.
You were not hungry.

You visited 3 branches of the dungeon, and saw 11 of its levels.

You collected 436 gold pieces.
You spent 117 gold pieces at shops.

Inventory:

Hand Weapons
 a - a +0 falchion
 l - a +2 dire flail of protection (weapon)
 o - a +0 whip of electrocution
 N - a +2 flail of protection
Missiles
 d - 46 poisoned needles
 E - 8 tomahawks
 M - 5 tomahawks of returning (quivered)
 O - 2 throwing nets
Armour
 m - a +2 cloak (worn)
 n - a +0 pair of gloves
 A - a +1 chain mail of poison resistance
 F - a +3 leather armour (worn)
 L - the +0 pair of gloves "Uhoedgh" (worn) {rPois MR+}
   (Okawaru gifted it to you on level 9 of the Dungeon)

   It protects you from poison.
   It affects your resistance to hostile enchantments.
Jewellery
 u - a +5 ring of intelligence (left hand)
 D - a ring of ice (right hand)
 G - an uncursed ring of ice
 K - an amulet of rage (around neck)
Wands
 H - a wand of iceblast (11/15)
Scrolls
 e - 2 scrolls of magic mapping {unknown}
 f - 8 scrolls of identify
 g - a scroll of amnesia
 j - 4 scrolls of teleportation
 p - a scroll of fear {unknown}
 s - a scroll of noise {unknown}
 t - a scroll of recharging {unknown}
 v - 2 scrolls of remove curse
 y - 3 scrolls of fog {unknown}
 C - a scroll of enchant weapon {unknown}
 I - a scroll of summoning {unknown}
 J - a scroll of blinking {unknown}
Potions
 b - 2 potions of heal wounds {unknown}
 q - a potion of cancellation
 r - 2 potions of agility {unknown}
 w - a potion of flight {unknown}
 z - a potion of might {unknown}
 B - a potion of curing
Comestibles
 c - 8 bread rations
 h - 7 fruits
 i - 7 meat rations
 k - 8 royal jellies
 x - a chunk of flesh


   Skills:
 + Level 7.0 Fighting
 + Level 5.6 Long Blades
 + Level 9.3 Maces & Flails
 + Level 0.5 Throwing
 + Level 5.9 Armour
 + Level 4.7 Dodging
 + Level 3.5 Stealth


You had 9 spell levels left.
You didn't know any spells.

Dungeon Overview and Level Annotations

Branches:
Dungeon (9/15)             Temple (1/1) D:5            Lair (0/6) D:9
    Orc (1/2) D:9

Altars:
Ashenzari
Cheibriados
Elyvilon
Fedhas
Hepliaklqana
Kikubaaqudgha
Okawaru
Ru
Sif Muna
Trog
Vehumet
Wu Jian
Xom
Zin

Shops:
D:4 !   D:5 [   D:7 ?[*   D:8 =   D:9 *


Innate Abilities, Weirdness & Mutations

You have razor-sharp teeth.
Your natural rate of healing is unusually fast.
When hurt, damage is shared between your health and your magic reserves.
Your bite disrupts and absorbs the magic of your enemies.
Potions cannot restore your health.
You are immune to rotting.
You passively map a small area around you.
Your spells are a little harder to cast, but a little more powerful.


Message History

The troll claws you but does no damage.
You closely miss the troll. You bite the troll. You drain its power.
You feel invigorated.
The troll is moderately wounded.
The troll barely misses you. The troll claws you!
The troll completely misses you.
You hit the troll but do no damage.
The troll is moderately wounded.
You closely miss the troll.
The troll is moderately wounded.
The troll barely misses you. The troll closely misses you.
The troll claws you but does no damage.
The orc priest mumbles some strange prayers to Beogh against you.
Beogh smites you!
* * * LOW HITPOINT WARNING * * *
Unknown command.
The troll bites you!
* * * LOW HITPOINT WARNING * * *
The troll claws you.
You die...

, , ......... , ,
.....o... ,*
**.......#* , . #*
###......# * .. #.
##.....$.### ,
...#.##...........*
#.................
* ,
##.....T.........O,
#.....)@....#.....
,
###.......###*#...
, #......O..# ,,..
, #..........##,, .
* , ............# ,
, .....###...... ,
...## ##$.....* * *
..# ...... *, * *


You could see a troll, an ogre and an orc priest.

Vanquished Creatures
  2 two-headed ogres
  Pikel (D:5)
  Joseph (D:8)
  The ghost of slep the Slasher, a novice VSMo (D:3)
  A merfolk (D:9)
  Grinder (D:3)
  Sigmund (D:4)
  Menkaure (D:7)
  Edmund (D:4)
  A water moccasin (D:5)
  5 orc warriors
  2 sky beasts
  An ice beast (D:8)
  4 ogres
  A phantom (D:7)
  A centaur (D:9)
  A crocodile (D:7)
  Blork the orc (D:6)
  3 bullfrogs
  A scorpion (D:5)
  6 killer bees (D:9)
  3 wights (D:8)
  A howler monkey (D:7)
  2 crimson imps (D:7)
  A bullfrog zombie (D:8)
  3 jellies
  A gnoll shaman (D:6)
  4 hounds
  6 orc priests
  2 iguanas
  Terence (D:2)
  11 orc wizards
  5 worker ants
  2 killer bee zombies (D:5)
  3 hound skeletons
  7 gnolls
  11 adders
  A howler monkey skeleton (D:6)
  A shadow imp (D:6)
  8 leopard geckos
  33 orcs
  6 bats
  7 giant cockroaches
  6 hobgoblins
  2 jackals (D:1)
  3 quokkas
  3 ball pythons
  11 frilled lizards
  4 goblins
  A jackal skeleton (D:7)
  5 kobolds
  A leopard gecko skeleton (D:3)
  12 rats
204 creatures vanquished.

Vanquished Creatures (others)
  An orc (D:4)
  A ball python skeleton (D:4)
2 creatures vanquished.

Grand Total: 206 creatures vanquished

Notes
Turn   | Place    | Note
-------+----------+-------------------------------------------
     0 | D:1      | slep the Vine Stalker Monk began the quest for the Orb.
     0 | D:1      | Reached XP level 1. HP: 11/11 MP: 2/2
   198 | D:1      | Reached XP level 2. HP: 10/16 MP: 1/3
   568 | D:1      | Reached XP level 3. HP: 13/20 MP: 4/4
   796 | D:2      | Noticed Terence
  1107 | D:2      | Gained mutation: Your natural rate of healing is unusually fast. [Vine Stalker growth]
  1107 | D:2      | Reached XP level 4. HP: 22/24 MP: 5/5
  1215 | D:3      | Noticed slep's ghost (novice VSMo)
  1255 | D:2      | Reached skill level 1 in Armour
  1296 | D:3      | Found a glowing silver altar of Zin.
  1363 | D:3      | Reached XP level 5. HP: 19/28 MP: 3/6
  1600 | D:4      | Noticed Pikel
  1600 | D:4      | Noticed a slave
  1600 | D:4      | Noticed a slave
  1600 | D:4      | Noticed a slave
  1600 | D:4      | Noticed a slave
  1624 | D:4      | Noticed Grinder
  1628 | D:4      | Paralysed by Grinder for 2 turns
  1819 | D:4      | Found a bloodstained altar of Trog.
  1833 | D:4      | Noticed Edmund
  1890 | D:4      | Gained mutation: You can translocate small distances at will. [potion of mutation]
  1890 | D:4      | Gained mutation: Scrolls take you a little longer to read. [potion of mutation]
  1890 | D:4      | Gained mutation: You have sharp toenails. [potion of mutation]
  1921 | D:4      | Killed Edmund
  1921 | D:4      | Reached XP level 6. HP: 7/33 MP: 3/7
  2069 | D:4      | Noticed Sigmund
  2088 | D:5      | Entered Level 5 of the Dungeon
  2103 | D:5      | Found a deep blue altar of Sif Muna.
  2115 | D:5      | Killed Pikel
  2115 | D:5      | Reached skill level 5 in Long Blades
  2115 | D:5      | Reached XP level 7. HP: 7/37 MP: 2/8
  2285 | D:5      | Gained mutation: You have razor-sharp teeth. [Vine Stalker growth]
  2285 | D:5      | Reached XP level 8. HP: 42/42 MP: 9/9
  2483 | D:5      | Reached skill level 1 in Maces & Flails
  2498 | D:5      | Found Qausonurch's Antique Armour Emporium.
  2854 | D:5      | Found a staircase to the Ecumenical Temple.
  2983 | D:6      | Noticed Blork the orc
  3007 | Temple   | Entered the Ecumenical Temple
  3029 | Temple   | Became a worshipper of Warmaster Okawaru
  3029 | Temple   | Reached * piety under Okawaru
  3029 | Temple   | Reached ** piety under Okawaru
  3064 | D:6      | Killed Blork the orc
  3064 | D:6      | Reached skill level 2 in Maces & Flails
  3185 | D:2      | Killed Terence
  3500 | D:3      | Killed slep's ghost
  3500 | D:3      | Reached skill level 3 in Maces & Flails
  3607 | D:3      | Killed Grinder
  3607 | D:3      | Reached skill level 4 in Maces & Flails
  3618 | D:4      | Reached XP level 9. HP: 46/46 MP: 10/10
  3628 | D:4      | Killed Sigmund
  3779 | D:4      | Found Rearoud's Distillery.
  3785 | D:4      | Bought a potion of degeneration for 13 gold pieces
  3789 | D:4      | Lost mutation: You have sharp toenails. [potion of mutation]
  3789 | D:4      | Lost mutation: You can translocate small distances at will. [potion of mutation]
  3789 | D:4      | Lost mutation: Scrolls take you a little longer to read. [potion of mutation]
  3789 | D:4      | Gained mutation: Scrolls take you a little longer to read. [potion of mutation]
  3789 | D:4      | Gained mutation: You are robust. (+10% HP) [potion of mutation]
  3792 | D:4      | Bought a potion of mutation for 104 gold pieces
  3792 | D:4      | Lost mutation: You are robust. (+10% HP) [potion of mutation]
  3792 | D:4      | Lost mutation: Scrolls take you a little longer to read. [potion of mutation]
  3792 | D:4      | Gained mutation: You passively map a small area around you. [potion of mutation]
  3792 | D:4      | Gained mutation: Your spells are a little harder to cast, but a little more powerful. [potion of mutation]
  3932 | D:6      | Reached *** piety under Okawaru
  4036 | D:6      | Reached skill level 5 in Maces & Flails
  4712 | D:7      | Reached skill level 5 in Fighting
  4782 | D:7      | Found Yxtetubb's Magic Scroll Shoppe.
  4889 | D:7      | Noticed Menkaure
  4893 | D:7      | Killed Menkaure
  4893 | D:7      | Reached skill level 6 in Maces & Flails
  5355 | D:7      | Found Ryosior's General Store.
  5472 | D:7      | Found Tyastrut's Armour Shoppe.
  5763 | D:8      | Noticed Joseph
  5802 | D:8      | Killed Joseph
  5802 | D:8      | Reached **** piety under Okawaru
  5802 | D:8      | Reached skill level 7 in Maces & Flails
  5802 | D:8      | Reached skill level 5 in Armour
  5814 | D:8      | Reached XP level 10. HP: 48/52 MP: 11/11
  5851 | D:8      | Noticed a two-headed ogre
  5866 | D:8      | Killed a two-headed ogre
  5866 | D:8      | Reached skill level 8 in Maces & Flails
  5949 | D:8      | Found Soygets's Jewellery Boutique.
  5979 | D:8      | Found a blossoming altar of Fedhas.
  6234 | D:8      | Reached ***** piety under Okawaru
  6366 | D:9      | Found a staircase to the Lair.
  6382 | D:9      | Found an ornate altar of the Wu Jian Council.
  6405 | D:9      | Found Fidil's General Store.
  6483 | D:9      | Noticed a two-headed ogre
  6492 | D:9      | Killed a two-headed ogre
  6492 | D:9      | Received a gift from Okawaru
  6492 | D:9      | Reached skill level 9 in Maces & Flails
  6493 | D:9      | Got a pair of shimmering gloves {god gift}
  6504 | D:9      | Identified the +0 pair of gloves "Uhoedgh" {rPois MR+} (Okawaru gifted it to you on level 9 of the Dungeon)
  6551 | D:9      | Found a staircase to the Orcish Mines.
  6743 | D:9      | Found a sacrificial altar of Ru.
  7058 | Orc:1    | Entered Level 1 of the Orcish Mines
  7107 | Orc:1    | HP: 1/55 [troll (12)]
  7107 | Orc:1    | Slain by a troll

Vault maps used:
D:1:      dpeg_arrival_fog, st_stairs_1, grunt_decor_one_mirror
D:2:      first_bread, grunt_ministairs_15, uniq_terence
D:3:      zin_statuary, grunt_decor_cap, nrook_mini_backslash
D:4:      old_standard_altar, serial_shops, shop, minmay_cupped, uniq_edmund,
          uniq_sigmund, uniq_grinder, uniq_pikel
D:5:      marbit_many_paths, minmay_temple_entry_from_below_a, serial_shops,
          shop, minmay_misc_feat_tiny
D:6:      minmay_misc_feat_more_columns, minmay_misc_feat_ornament,
          st_stairs_13, uniq_blork_the_orc
D:7:      serial_shops, nicolae_shop_window_shopping, shop, shop_statue,
          uniq_menkaure
D:8:      fedhas_altar_1, serial_shops, shop, uniq_joseph
D:9:      lemuel_crystal_altar, lemuel_round_altar, dpeg_oklobed_lair,
          david_orc_3, serial_shops, shop, hangedman_fish_farm
Temple:   regret_index_temple_sphere_string

Skill      XL: |  1  2  3  4  5  6  7  8  9 10 |
---------------+-------------------------------+-----
Fighting       | 3 4 5 7 |  7.0
Long Blades    | 3 4 5 |  5.6
Armour         | 1 2 3 4 5 |  5.9
Dodging        | 3 4 |  4.7
Stealth        | 3 |  3.5
Maces & Flails | 4 7 9 |  9.3
Throwing       | |  0.5

Action                   |  1- 3 |  4- 6 |  7- 9 | 10-12 || total
-------------------------+-------+-------+-------+-------++-------
Melee: Falchion          |    91 |   174 |     6 |       ||   271
       Bite              |    19 |    44 |    97 |    56 ||   216
       Kick              |       |    14 |    42 |       ||    56
       Dire flail        |       |       |   317 |   169 ||   486
Throw: Tomahawk          |       |       |     3 |     7 ||    10
  Use: Potion            |       |     2 |     3 |       ||     5
       Scroll            |       |       |     4 |       ||     4
 Stab: Sleeping          |     3 |       |       |       ||     3
  Eat: Chunk             |     1 |     3 |    12 |     5 ||    21
Armor: Leather armour    |    22 |    60 |    15 |     9 ||   106
       Skin              |       |    34 |       |       ||    34
       Chain mail        |       |       |   188 |    95 ||   283
Dodge: Dodged            |    56 |   114 |   163 |    74 ||   407
       Rpst.: Falchion   |    17 |    33 |     4 |       ||    54

Table legend:
 A = Spawn XP
 B = Non-spawn XP
 C = Spawn XP percentage of total XP
 D = Spawn monster count
 E = Non-spawn monster count
 F = Spawn count percentage of total count
 G = Total turns spent on level
                    A         B        C        D         E        F      G
               +---------+---------+-------+---------+---------+-------+---------
         Total |       0 |    9059 |   0.0 |       0 |     204 |   0.0 |  7107
               +---------+---------+-------+---------+---------+-------+---------
           D:1 |       0 |      36 |   0.0 |       0 |      23 |   0.0 |   791
           D:2 |       0 |     129 |   0.0 |       0 |      21 |   0.0 |   755
           D:3 |       0 |     518 |   0.0 |       0 |      19 |   0.0 |   669
           D:4 |       0 |     401 |   0.0 |       0 |      12 |   0.0 |   609
           D:5 |       0 |    1224 |   0.0 |       0 |      27 |   0.0 |   984
           D:6 |       0 |     676 |   0.0 |       0 |      29 |   0.0 |   823
           D:7 |       0 |    1104 |   0.0 |       0 |      28 |   0.0 |  1086
           D:8 |       0 |    2456 |   0.0 |       0 |      16 |   0.0 |   630
           D:9 |       0 |    2475 |   0.0 |       0 |      28 |   0.0 |   693
         Orc:1 |       0 |      40 |   0.0 |       0 |       1 |   0.0 |    21
               +---------+---------+-------+---------+---------+-------+---------
